 Dungeon Crawl Stone Soup version 0.29.1-1-gd02db6906a (webtiles) character file.

Game seed: 1551694219020168756

158 Zeld the Chopper (level 5, -7/70 HPs)
             Began as a Minotaur Berserker on Oct 7, 2022.
             Was a Believer of Trog.
             Mangled by a gnoll bouda
             ... wielding a +0 club
              (9 damage)
             ... on level 4 of the Dungeon.
             The game lasted 00:02:14 (2159 turns).

Zeld the Chopper (Minotaur Berserker)               Turns: 2159, Time: 00:02:15

Health: -7/70      AC:  6    Str: 24    XL:     5   Next: 16%
Magic:  4/4        EV: 11    Int:  4    God:    Trog [**....]
Gold:   169        SH:  0    Dex:  9    Spells: 4/4 levels left

rFire   . . .      SeeInvis .   a - +0 war axe
rCold   . . .      Faith    .   (no shield)
rNeg    . . .      Spirit   .   b - +1 ring mail {rPois}
rPois   +          Reflect  .   (helmet restricted)
rElec   .          Harm     .   (no cloak)
rCorr   .          Rampage  .   (no gloves)
Will    .....                   (no boots)
Stlth   ..........              (no amulet)
HPRegen 0.21/turn               (no ring)
MPRegen 0.09/turn               (no ring)

@: berserking, very quick
A: horns 2, retaliatory headbutt
a: Renounce Religion, Berserk, Trog's Hand


You were on level 4 of the Dungeon.
You worshipped Trog.
Trog was pleased with you.
You visited 1 branch of the dungeon, and saw 4 of its levels.

You collected 169 gold pieces.

Inventory:

Hand Weapons
 a - a +0 war axe (weapon)
Missiles
 e - 14 poisoned darts (quivered)
 g - 5 boomerangs
Armour
 b - a +1 ring mail of poison resistance (worn)
Scrolls
 c - a scroll of brand weapon {unknown}
 f - 2 scrolls of amnesia {unknown}
 h - a scroll of teleportation {unknown}
 i - a scroll of identify {unknown}
 j - 2 scrolls of enchant armour {unknown}
 m - a scroll of noise {unknown}
 n - a scroll of poison {unknown}
 o - a scroll of immolation {unknown}
 p - a scroll of fear {unknown}
Potions
 d - 2 potions of attraction {unknown}
 k - a potion of heal wounds {unknown}
 l - a potion of haste {unknown}
 q - 4 potions of curing {unknown}


   Skills:
 + Level 4.5 Fighting
 * Level 5.3 Axes
 + Level 3.6 Armour
 + Level 3.2 Dodging


You had 4 spell levels left.
You didn't know any spells.
Your spell library was empty.

Dungeon Overview and Level Annotations

Branches:
Dungeon (4/15)
 Temple: D:4-7

Altars:
Dithmenos


Innate Abilities, Weirdness & Mutations

You have a pair of horns on your head.
You reflexively headbutt those who attack you in melee.


Message History

You kill the gnoll!
Trog accepts your kill.
You hit the ball python.
You kill the ball python!
Trog accepts your kill.
The gnoll bouda hits you with a +0 club.
The gnoll hits you from afar with a +0 spear.
The gnoll closely misses you.
The gnoll hits you from afar with a +0 halberd!
* * * LOW HITPOINT WARNING * * *
You closely miss the gnoll bouda.
The gnoll bouda is severely wounded.
The gnoll hits you but does no damage. The gnoll closely misses you.
Unknown command.
The gnoll hits you with a +0 halberd!
* * * LOW HITPOINT WARNING * * *
Unknown command.
You barely miss the gnoll bouda.
The gnoll bouda is severely wounded.
You hit the gnoll. x2; You closely miss the gnoll.
Your attacks no longer feel as feeble.
The gnoll bouda hits you with a +0 club.
* * * LOW HITPOINT WARNING * * *
The gnoll hits you with a +0 spear.
* * * LOW HITPOINT WARNING * * *
The gnoll barely misses you. The gnoll misses you. You furiously retaliate!
You headbutt the gnoll!
You kill the gnoll!
Trog accepts your kill.
Unknown command.
Unknown command.
You slice the gnoll!!
You feel the power of Trog in you as your rage grows.
You kill the gnoll!
Trog accepts your kill.
You closely miss the gnoll bouda. You slash the gnoll!
You kill the gnoll!
Trog accepts your kill.
The gnoll bouda hits you with a +0 club!
You die...

##### #####.
##...##......
#............
##########...........
#.......##...........
#.......##...))..#
#....(..##..g@...##.
#.............)......
#...........†........
#....................
#...<..(##(......##..
#######'###'###### .
#................#
#................#
#................#


You could see a gnoll bouda.

Vanquished Creatures
  The ghost of fireball365 the Digger, a weakling DgEE (D:3)
  5 gnolls (D:4)
  3 adders
  2 worms (D:2)
  A dart slug (D:3)
  An orc (D:3)
  6 ball pythons
  2 bats
  6 endoplasms
  4 giant cockroaches
  5 goblins
  7 hobgoblins
  2 jackals (D:3)
  2 kobolds (D:1)
  3 quokkas (D:2)
  A frilled lizard (D:3)
  5 rats
56 creatures vanquished.

Notes
Turn   | Place    | Note
-------+----------+-------------------------------------------
     0 | D:1      | Zeld the Minotaur Berserker began the quest for the Orb.
     0 | D:1      | Reached XP level 1. HP: 19/19 MP: 0/0
   157 | D:1      | Reached XP level 2. HP: 27/27 MP: 1/1
   178 | D:1      | Reached skill level 4 in Axes
   553 | D:1      | Found a faded altar of an unknown god.
   675 | D:2      | Reached ** piety under Trog
   702 | D:2      | Reached XP level 3. HP: 33/33 MP: 2/2
  1391 | D:3      | Found a large runed translucent door.
  1391 | D:3      | Found a large runed translucent door.
  1423 | D:3      | Reached XP level 4. HP: 36/40 MP: 3/3
  1547 | D:3      | Found a shadowy altar of Dithmenos.
  2035 | D:3      | Noticed fireball365's ghost (weakling DgEE)
  2092 | D:3      | Killed fireball365's ghost
  2093 | D:3      | Reached skill level 5 in Axes
  2155 | D:4      | Reached XP level 5. HP: 35/47 MP: 4/4
  2158 | D:4      | HP: 1/70 [gnoll/+0 spear[a gnoll bouda] (6)]
  2159 | D:4      | Mangled by a gnoll bouda

Illustrated notes

Levels and vault maps discovered:
D:1:      minmay_arrival_five_plusses, layout_rooms,
          dilly_ecumenical_altar_fadedgnrine
D:2:      layout_basic, serial_glass, glass_columns_a, glass_columns_a,
          glass_columns_b, glass_columns_a, glass_columns_b, glass_columns_b,
          minmay_puff
D:3:      layout_loops_cross, grunt_dithmenos_smoke,
          ebering_ghost_disaster_area, kennysheep_generic_room_10
D:4:      layout_gridville, nicolae_ossuary_entry_plus

Skill      XL: |  1  2  3  4 |
---------------+-------------+-----
Axes           | 4 5 |  5.3
Fighting       | 4 |  4.5
Armour         | 3 |  3.6
Dodging        | 3 |  3.2

Action                   |  1- 3 |  4- 6 || total
-------------------------+-------+-------++-------
Melee: Hand axe          |    70 |    12 ||    82
       Headbutt          |     8 |     5 ||    13
       Punch             |     1 |     1 ||     2
       War axe           |       |    14 ||    14
Invok: Berserk           |       |     2 ||     2
Armor: Ring mail         |    21 |    13 ||    34
       Animal skin       |     1 |       ||     1
Dodge: Dodged            |    43 |    19 ||    62
